Map: Frozen Temple

Players

Miszu - Winner!

  • Race: Terran Terran
  • League: Grandmaster

Adnap

  • Race: Terran Terran
  • League: Master

VOD

Have the link to the VOD?

Description

Time

  • Played on: May 27, 2016, 2:43 p.m.
  • Length: 9:31
Show
View Real Time Build Order
Export as new Build Order

Miszu Terran - Winner!

Build Orders: Reaper Expand, MMM Bio 

Get SALT Encoding   

  12  0:00  SCV  
  13  0:13  SCV  
  14  0:18  Supply Depot  
  14  0:25  SCV  
  15  0:39  SCV  
  15  0:41  Barracks  
  16  0:44  Refinery  
  16  0:52  SCV  
  17  1:04  SCV  
  18  1:16  SCV  
  19  1:29  Orbital Command  
  19  1:30  Reaper  
  20  1:39  Command Center  
  20  1:50  Supply Depot  
  20  1:54  SCV  
  21  2:06  SCV  
  22  2:15  Factory  
  22  2:19  SCV  
  23  2:28  Barracks Reactor  
  23  2:32  SCV  
  24  2:44  SCV  
  25  2:48  Refinery  
  25  2:52  Orbital Command  
  25  2:56  SCV  
  26  3:04  Marine x2  
  28  3:06  Starport  
  28  3:08  SCV  
  28  3:12  Factory Tech Lab  
  29  3:18  SCV  
  30  3:20  SCV  
  30  3:22  Marine x2  
  30  3:26  Engineering Bay  
  33  3:30  SCV  
  33  3:32  SCV  
  35  3:39  Marine  
  35  3:40  Marine  
  37  3:42  SCV  
  38  3:50  Viking  
  38  3:54  Missile Turret  
  40  3:57  Missile Turret  
  40  4:01  Cyclone  
  45  4:02  SCV  
  45  4:05  SCV  
  46  4:11  Supply Depot  
  46  4:14  Supply Depot  
  46  4:27  SCV  
  46  4:29  Marine  
  46  4:32  Viking, Marine  
  46  4:33  Supply Depot, SCV  
  46  4:36  Supply Depot  
  46  4:37  Barracks  
  50  4:39  Barracks, SCV  
  50  4:45  SCV  
  52  4:47  Marine  
  52  4:48  Terran Infantry Weapons Level 1  
  52  4:49  Refinery  
  52  4:50  Marine  
  52  4:51  Refinery  
  54  4:54  Siege Tank  
  54  4:55  SCV  
  54  4:58  Supply Depot, SCV  
  59  5:03  Starport Reactor  
  59  5:05  Marine  
  60  5:07  SCV  
  60  5:08  Marine  
  60  5:10  SCV  
  63  5:19  SCV  
  62  5:25  SCV  
  62  5:27  Marine  
  62  5:28  Marine  
  65  5:29  Barracks Tech Lab  
  65  5:30  Barracks Tech Lab, Siege Tank  
  68  5:41  SCV x2  
  70  5:44  Medivac  
  70  5:45  Marine x2  
  70  5:49  Stimpack  
  74  5:50  Marine x2  
  74  5:53  SCV  
  74  5:55  Supply Depot, SCV  
  74  5:56  Missile Turret  
  78  6:07  Marine  
  78  6:14  Supply Depot, Combat Shields  
  78  6:17  Marine x3, Siege Tank, SCV x2  
  86  6:22  Supply Depot  
  86  6:25  Supply Depot  
  86  6:35  Marine x3, Medivac  
  90  6:59  Marine  
  89  7:04  Marine x2  
  86  7:13  Marine  
  89  7:15  Siege Tank  
  89  7:16  Marine  
  89  7:20  Supply Depot x2, Command Center  
  89  7:21  Medivac x2  
  89  7:22  Marine x2  
  89  7:41  Marine x4  
  92  7:47  Barracks, SCV  
  92  7:48  Supply Depot, Barracks  
  92  7:50  Engineering Bay  
  93  7:51  Supply Depot  
  93  7:58  Siege Tank  
  96  7:59  Marine x4  
  96  8:02  Medivac  
  96  8:05  Medivac  
  104  8:16  Marine  
  104  8:17  Marine x3  
  99  8:33  Marine  
  94  8:34  Marine x3, Siege Tank  
  94  8:35  Marine x2  
  95  8:51  Marine  
  95  8:52  Marine x3  
  95  8:53  Marine x2  
  100  8:59  Medivac  
  101  9:09  Marine  
  102  9:10  Marine x3  
  102  9:11  Marine x2  
Show
View Real Time Build Order
Export as new Build Order

Adnap Terran 

Build Orders: 1/1/1, MMM Bio, Banshee Rush 

Get SALT Encoding   

  12  0:01  SCV  
  13  0:13  SCV  
  14  0:18  Supply Depot  
  14  0:25  SCV  
  14  0:28  Refinery  
  15  0:40  SCV  
  16  0:45  Barracks  
  16  0:52  SCV  
  17  0:57  Refinery  
  18  1:04  SCV  
  18  1:16  SCV  
  19  1:34  Factory, Marine  
  20  1:40  Orbital Command  
  20  1:55  Marine  
  20  1:57  Supply Depot  
  21  2:10  SCV  
  21  2:14  Marine  
  22  2:20  Starport  
  22  2:26  Factory Tech Lab  
  22  2:31  SCV  
  22  2:32  Marine  
  24  2:44  SCV  
  25  2:50  Marine  
  26  2:55  Factory Reactor  
  26  3:04  SCV  
  27  3:11  Cloaking Field, Banshee  
  27  3:12  Marine  
  31  3:17  Supply Depot  
  31  3:21  SCV  
  32  3:33  SCV  
  33  3:39  Factory Tech Lab  
  33  3:43  Marine x2  
  33  3:46  SCV  
  36  3:53  Banshee  
  39  3:58  SCV  
  40  4:15  Command Center  
  40  4:17  Marine x2  
  42  4:24  Siege Tank  
  45  4:40  Raven  
  45  4:45  Supply Depot  
  47  5:00  Supply Depot  
  47  5:06  Marine x2, Siege Tank, SCV  
  53  5:28  Orbital Command  
  53  5:33  Engineering Bay  
  53  5:34  Barracks  
  53  5:35  Viking x2  
  57  5:40  SCV  
  58  5:46  Siege Tank  
  58  5:48  Orbital Command  
  61  5:53  Stimpack  
  61  5:54  Marine  
  62  6:00  SCV  
  63  6:12  Medivac, SCV  
  63  6:13  Medivac  
  68  6:23  Barracks Reactor  
  68  6:25  SCV  
  69  6:26  Barracks, SCV  
  70  6:35  Barracks  
  70  6:43  Siege Tank  
  70  7:03  Marine  
  70  7:04  Marine  
  70  7:07  SCV  
  70  7:09  Marine  
  70  7:12  SCV  
  70  7:13  Refinery  
  70  7:15  Refinery, Siege Tank  
  72  7:19  SCV  
  72  7:21  Marine  
  74  7:35  SCV  
  59  7:39  Marine x2  
  59  7:41  Barracks Reactor  
  59  7:43  Barracks Reactor  
  59  7:44  Barracks  
  52  7:45  SCV  
  52  7:47  Siege Tank, SCV  
  57  7:51  Marine  
  57  7:57  Marine x2, SCV  
  61  7:59  SCV  
  61  8:05  Medivac  
  64  8:08  Combat Shields  
  64  8:09  Marine, SCV  
  64  8:11  SCV  
  67  8:15  Marine  
  68  8:21  SCV  
  69  8:28  Marine x2  
  69  8:29  Siege Tank  
  71  8:42  Marine  
  66  8:49  Marine x2  
  66  8:51  Marine x2  
  66  8:52  Marine  
  66  8:56  Marine x2  
  66  9:00  Marine  
  69  9:07  Marine  
  70  9:12  Marine x3  
Tags
 
Add a new tag
Caveats
  • Supply blocks, unpowered buildings, or Contaminate may cause inaccurate times.
  • Supply counts are checked every 10 seconds.